 Dungeon Crawl Stone Soup version 0.21.1-1-g345015fe64 (webtiles) character file.

42 DildoBatman the Conjurer (level 3, -2/21 HPs)
             Began as an Octopode Wizard on June 30, 2018.
             Slain by an adder (5 damage)
             ... on level 2 of the Dungeon.
             The game lasted 00:04:32 (1427 turns).

DildoBatman the Conjurer (Octopode Wizard)          Turns: 1427, Time: 00:04:32

Health: -2/21      AC:  1    Str:  6    XL:     3   Next: 54%
Magic:  0/7        EV: 13    Int: 21    God:
Gold:   138        SH:  0    Dex: 10    Spells: 0/8 levels left

rFire    . . .     SeeInvis .   a - +0 rapier
rCold    + . .     Gourm    .   (no shield)
rNeg     . . .     Faith    .   l - +0 hat
rPois    .         Spirit   .   (no amulet)
rElec    .         Reflect  .   i - ring of protection from cold
rCorr    .         Harm     .   (no ring)
MR       +....                  (no ring)
Stlth    +++.......             (no ring)
HPRegen  0.07/turn              (no ring)
MPRegen  0.10/turn              (no ring)
                                (no ring)
                                (no ring)

@: lethally poisoned (-2 -> -16), hasted, very quick
A: almost no armour, stealthy swim, amphibious, 8 rings, constrict 8, tentacle
spike 1, camouflage 1, magic resistance 1, gelatinous body 1
a: no special abilities


You were on level 2 of the Dungeon.
You were not hungry.

You visited 1 branch of the dungeon, and saw 2 of its levels.

You collected 138 gold pieces.

Inventory:

Hand Weapons
 a - a +0 rapier (weapon)
Missiles
 d - 29 bolts
 g - 33 stones (quivered)
 k - 17 sling bullets
Armour
 l - a +0 hat (worn)
Jewellery
 i - a ring of protection from cold (left tentacle)
Scrolls
 c - a scroll of blinking {unknown}
 e - a scroll of immolation {unknown}
 h - a scroll of magic mapping {unknown}
 j - a scroll of teleportation {unknown}
 m - a scroll of remove curse {unknown}
Potions
 n - a potion of mutation
Books
 b - a book of Minor Magic

   Spells                             Type                      Level
   a - Magic Dart                     Conjuration                  1
   b - Blink                          Translocation                2
   c - Call Imp                       Summoning                    2
   d - Slow                           Hexes                        2
   e - Conjure Flame                  Conjuration/Fire             3
   f - Mephitic Cloud                 Conjuration/Poison/Air       3
Comestibles
 f - 4 chunks of flesh
 v - 4 rations


   Skills:
 - Level 2.0 Dodging
 - Level 2.6 Stealth
 - Level 3.0 Spellcasting
 * Level 3.3 Conjurations
   Level 1.0 Summonings
 - Level 1.0 Translocations


You couldn't memorise any spells.
You knew the following spells:

 Your Spells              Type           Power        Failure   Level  Hunger
a - Slow                  Hex            #.......     21%         2    ##.....
c - Magic Dart            Conj           ###.         3%          1    None
e - Mephitic Cloud        Conj/Pois/Air  #.......     26%         3    ###....
h - Blink                 Tloc           N/A          13%         2    ##.....


Dungeon Overview and Level Annotations

Branches:
Dungeon (2/15)

Altars:

Annotations:
D:2 exclusion: worm, Natasha


Innate Abilities, Weirdness & Mutations

You cannot wear most types of armour.
You are very stealthy in the water. (Stealth+)
You are amphibious.
You can wear up to eight rings at the same time.
You can use your tentacles to constrict eight enemies at once.
Your skin changes colour to match your surroundings (Stealth+).
Your rubbery body absorbs attacks. (AC +1, EV +1)
One of your tentacles bears a spike.
You are resistant to hostile enchantments. (MR+)


Message History

The adder bites you.
You are lethally poisoned!
The adder poisons you!
Some of the chunks of flesh in your inventory have rotted away.
It was a potion of mutation.
You feel extremely strange.
One of your lower tentacles grows a sharp spike.
You feel resistant to hostile enchantments.
You constrict the adder.
You feel sick. The adder misses you. The adder bites you.
You are more poisoned.
The adder poisons you!
It was a potion of haste.
You feel yourself speed up.
You constrict the adder.
You feel sick. The adder bites you.
You die...

...###...#####
.....
.........#
..$..
....#....#
.....
...#.....##
#.. #
####.#....#
#.# #..#....#
####.##
##.#####.#
##.....##
##..#
#.###...S...##
#..##
#.##....@....#
#.##
#...)........#
#.#
####.........#
..###
#.........#
....##
#.........#
###..##
##.......## #
##..##
#..>......# #
##..#
#.........#
##.#
#.........#


You could see an adder.

Vanquished Creatures
  A dart slug (D:1)
  A leopard gecko (D:1)
  5 giant cockroaches (D:2)
  2 goblins
  8 hobgoblins
  5 bats
  4 frilled lizards
  7 kobolds
  5 rats
38 creatures vanquished.

Notes
Turn   | Place    | Note
-------+----------+-------------------------------------------
     0 | D:1      | DildoBatman the Octopode Wizard began the quest for the Orb.
     0 | D:1      | Reached XP level 1. HP: 11/11 MP: 4/4
   328 | D:1      | Reached XP level 2. HP: 15/17 MP: 3/6
   860 | D:2      | Reached XP level 3. HP: 19/21 MP: 5/7
   864 | D:2      | Learned a level 2 spell: Slow
   868 | D:2      | Learned a level 3 spell: Mephitic Cloud
   871 | D:2      | Learned a level 2 spell: Blink
  1290 | D:2      | Noticed Natasha
  1426 | D:2      | Gained mutation: One of your tentacles bears a spike. [potion of mutation]
  1426 | D:2      | Gained mutation: You are resistant to hostile enchantments. (MR+) [potion of mutation]
  1427 | D:2      | Slain by an adder

Skill      XL: |  1  2  3 |
---------------+----------+-----
Conjurations   | 2 3 |  3.3
Dodging        | |  2.0
Stealth        | |  2.6
Spellcasting   | |  3.0
Summonings     | |  1.0
Translocations | |  1.0

Action                   || total
-------------------------++-------
Melee: Unarmed           ||    22
       Tentacles         ||     6
       Constrict         ||    10
       Rapier            ||    11
 Cast: Magic Dart        ||    75
  Use: Potion            ||     2
 Stab: Sleeping          ||     2
  Eat: Chunk             ||     1
Armor: Skin              ||     5
Dodge: Dodged            ||    20
